[gd_scene load_steps=8 format=2]

[ext_resource path="res://gameplay/ability/Ability.tscn" type="PackedScene" id=1]
[ext_resource path="res://gameplay/command/SelectTile.gd" type="Script" id=2]
[ext_resource path="res://gameplay/common/MovementProfile.gd" type="Script" id=3]
[ext_resource path="res://gameplay/command/NewEffect.gd" type="Script" id=8]
[ext_resource path="res://gameplay/command/OnSelf.gd" type="Script" id=9]

[sub_resource type="Resource" id=1]
resource_name = "MovementProfile"
script = ExtResource( 3 )
mask = 0
operation = 0

[sub_resource type="Resource" id=2]
resource_name = "MovementProfile"
script = ExtResource( 3 )
mask = 0
operation = 0

[node name="Hop" instance=ExtResource( 1 )]

[node name="SelectTile" type="Node" parent="." index="0"]
script = ExtResource( 2 )
RANGE = 2
INCLUSIVE = false
custom_movement_profile = false
movement_profile = SubResource( 1 )

[node name="OnSelf" type="Node" parent="." index="1"]
script = ExtResource( 9 )

[node name="HopToTile" type="Node" parent="OnSelf" index="0"]
script = ExtResource( 8 )
effect_type = "MoveEffect"
tile = 1
movement_profile = SubResource( 2 )

[node name="LoseSomeTime" type="Node" parent="OnSelf" index="1"]
script = ExtResource( 8 )
effect_type = "ChangeStatEffect"
stat = 2
value = 0
value_constant = -1
